 Dungeon Crawl Stone Soup version 0.26.1-11-gd32895ea62 (webtiles) character file.

Game seed: 17831093504827001972

177 Zeld the Slasher (level 5, 0/41 HPs)
             Began as a Human Monk on May 27, 2021.
             Slain by a black bear (5 damage)
             ... on level 4 of the Dungeon.
             The game lasted 00:04:02 (5757 turns).

Zeld the Slasher (Human Monk)                       Turns: 5757, Time: 00:04:03

Health: 0/41       AC:  4    Str: 12    XL:     5   Next: 88%
Magic:  5/5        EV: 13    Int: 11    God:
Gold:   161        SH:  0    Dex: 15    Spells: 4/4 levels left

rFire    . . .     SeeInvis .   a - +0 falchion
rCold    . . .     Faith    .   (no shield)
rNeg     . . .     Spirit   .   b - +0 robe
rPois    .         Reflect  .   (no helmet)
rElec    .         Harm     .   s - +0 cloak (curse)
rCorr    .         Rampage  .   u - +0 pair of gloves
Will     .....                  (no boots)
Stlth    ++........             (no amulet)
HPRegen  0.13/turn              (no ring)
MPRegen  0.09/turn              (no ring)

@: no status effects
A: no striking features
a: no special abilities


You were on level 4 of the Dungeon.
You visited 1 branch of the dungeon, and saw 4 of its levels.

You collected 161 gold pieces.

Inventory:

Hand Weapons
 a - a +0 falchion (weapon)
Missiles
 c - 26 poisoned darts (quivered)
 p - 7 atropa-tipped darts
Armour
 b - a +0 robe (worn)
 s - a cursed +0 cloak (worn)
 u - a +0 pair of gloves (worn)
Jewellery
 k - a cursed ring of attention {unknown}
Wands
 m - a wand of iceblast (11)
 t - a wand of flame (15)
Scrolls
 f - 4 scrolls of identify {unknown}
 g - 2 scrolls of remove curse {unknown}
 h - 2 scrolls of enchant weapon {unknown}
 n - a scroll of fog {unknown}
 o - 2 scrolls of teleportation {unknown}
 q - a scroll of fear {unknown}
 r - a scroll of amnesia {unknown}
 v - a scroll of blinking {unknown}
Potions
 d - a potion of flight {unknown}
 e - a potion of berserk rage {unknown}
 i - a potion of curing {unknown}
 j - a potion of heal wounds {unknown}
 l - 2 potions of invisibility {unknown}


   Skills:
 - Level 3.0 Fighting
 * Level 6.1 Long Blades
 - Level 3.0 Dodging
 - Level 2.0 Stealth


You had 4 spell levels left.
You didn't know any spells.
Your spell library was empty.

Dungeon Overview and Level Annotations

Branches:
Dungeon (4/15)
 Temple: D:4-7

Altars:
Kikubaaqudgha
Qazlal


Message History

You are too injured to fight recklessly!
You hit the black bear.
The black bear is severely wounded.
The black bear barely misses you.
The black bear claws you but does no damage.
The black bear claws you.
You are too injured to fight recklessly!
You hit the black bear but do no damage.
The black bear is severely wounded.
The black bear barely misses you. x2
The black bear claws you but does no damage.
You hit the black bear but do no damage.
The black bear is severely wounded.
The black bear bites you!
* * * LOW HITPOINT WARNING * * *
The black bear claws you but does no damage.
The black bear claws you.
* * * LOW HITPOINT WARNING * * *
The black bear bites you.
You die...

#### ##...## #.
#..#######.#
#.###..@h.....#
#..#..#######.#
#<..## ##.##
#[# #.# #.# #.#
#..


You could see a black bear.

Vanquished Creatures
  A bullfrog (D:3)
  A centaur skeleton (D:3)
  An adder (D:3)
  An ooze (D:2)
  2 worms
  4 leopard geckos
  2 orcs (D:3)
  A ball python (D:1)
  6 giant cockroaches
  7 goblins
  4 hobgoblins
  2 jackals (D:1)
  A quokka (D:2)
  7 bats
  3 frilled lizards
  7 kobolds
  A quokka skeleton (D:2)
  8 rats
59 creatures vanquished.

Notes
Turn   | Place    | Note
-------+----------+-------------------------------------------
     0 | D:1      | Zeld the Human Monk began the quest for the Orb.
     0 | D:1      | Reached XP level 1. HP: 18/18 MP: 1/1
   237 | D:1      | You fall into a shaft and drop 1 floor!
   255 | D:2      | Reached XP level 2. HP: 11/24 MP: 2/2
   889 | D:1      | Reached skill level 4 in Long Blades
   889 | D:1      | Reached XP level 3. HP: 24/29 MP: 3/3
  3205 | D:3      | Reached XP level 4. HP: 15/35 MP: 4/4
  3653 | D:3      | Noticed a bullfrog
  4576 | D:3      | Reached skill level 5 in Long Blades
  4590 | D:3      | Killed a bullfrog
  4591 | D:3      | Reached XP level 5. HP: 28/41 MP: 5/5
  5143 | D:3      | Reached skill level 6 in Long Blades
  5412 | D:3      | Found a stormy altar of Qazlal.
  5626 | D:3      | Found an ancient bone altar of Kikubaaqudgha.
  5742 | D:4      | Noticed a black bear
  5757 | D:4      | Slain by a black bear

Illustrated notes

Levels and vault maps discovered:
D:1:      minmay_arrival_wavy_path, layout_rooms, chequers_serial_rivers_marsh,
          kennysheep_flooded_box, chequers_serial_rivers_micro_a,
          serial_bayou_pond_e
D:2:      layout_basic
D:3:      layout_loops_ring, general_overflow_altar,
          nicolae_qazlal_eye_of_the_storm
D:4:      layout_loops_ring, minmay_temple_entry_from_below_a, okawaru_trees_2

Skill      XL: |  1  2  3  4  5 |
---------------+----------------+-----
Long Blades    | 4 5 6 |  6.1
Fighting       | |  3.0
Dodging        | |  3.0
Stealth        | |  2.0

Action                   |  1- 3 |  4- 6 || total
-------------------------+-------+-------++-------
Melee: Falchion          |   135 |    80 ||   215
 Stab: Sleeping          |     3 |     3 ||     6
Armor: Robe              |    25 |    37 ||    62
Dodge: Dodged            |    96 |    81 ||   177
       Rpst.: Falchion   |    33 |    27 ||    60
